 Dungeon Crawl Stone Soup version 0.32-a0-630-g46d191b0ed (webtiles) character file.

Game seed: 14008718876307032532

2942 gimp the Carver (level 9, -5/112 HPs)
             Began as a Naga Warper on Mar 6, 2024.
             Was an Initiate of Okawaru.
             Slain by a killer bee (7 damage)
             ... on level 6 of the Dungeon.
             The game lasted 00:22:31 (8458 turns).

gimp the Carver (Naga Warper)                       Turns: 8458, Time: 00:22:31

Health: -5/112     AC: 24    Str: 18    XL:     9   Next: 80%
Magic:  0/15       EV:  1    Int: 14    God:    Okawaru [......]
Gold:   155        SH:  0    Dex: 14    Spells: 12/16 levels left

rFire   + . .        a - +0 falchion
rCold   + . .        (no shield)
rNeg    . . .        b - melded +0 leather armour
rPois   +            (helmet currently unavailable)
rElec   +            s - melded +0 cloak
rCorr   +            y - melded +0 pair of gloves
SInv    +            (no barding)
Will    +....        (no amulet)
Stlth   +            E - +6 ring of strength
HPRegen 0.38/turn    D - ring of flight
MPRegen 0.14/turn

%: no passive effects
@: tree-form, resistant
A: stationary, stasis, torment immunity, boosted hp, AC +3, large, see
invisible, (deformed body), (poison resistance), (slowness 2), spit poison 1,
(naga tail 1), weak 1
a: Spit Poison, Renounce Religion


You were on level 6 of the Dungeon.
You worshipped Okawaru.
Okawaru was noncommittal.
You were a tree.
You visited 2 branches of the dungeon, and saw 8 of its levels.
You also visited: Sewer.

You collected 358 gold pieces.
You spent 203 gold pieces at shops.

Inventory:

Hand Weapons
 a - a +0 falchion (weapon)
Missiles
 d - 6 darts of dispersal
 k - 5 curare-tipped darts
 u - 28 poisoned darts
Armour
 b - a +0 leather armour (melded)
 s - a +0 cloak (melded)
 y - a +0 pair of gloves (melded)
Jewellery
 e - an amulet of faith
 D - a ring of flight (right branch)
 E - a +6 ring of strength (left branch)
Wands
 h - a wand of iceblast (18)
 w - a wand of charming (9)
Scrolls
 c - 5 scrolls of blinking
 f - a scroll of fear
 g - a scroll of revelation {unknown}
 i - 4 scrolls of immolation {unknown}
 m - 2 scrolls of enchant weapon
 n - a scroll of fog
 o - a scroll of vulnerability {unknown}
 p - 2 scrolls of noise
 x - a scroll of acquirement {unknown}
 C - a scroll of poison
Potions
 j - a potion of brilliance
 l - a potion of haste
 q - a potion of magic
 r - 4 potions of mutation
 t - a potion of enlightenment
 v - a potion of might
 B - a potion of lignification


   Skills:
 - Level 3.0 Fighting
 * Level 10.2 Long Blades
 - Level 0.8 Throwing
 - Level 0.7 Armour
 - Level 1.5 Dodging
 + Level 4.1 Spellcasting
 - Level 8.0 Translocations


You had 12 spell levels left.
You knew the following spells:

 Your Spells              Type           Power      Damage    Failure   Level
a - Manifold Assault      Tloc           25%        N/A       7%          4

Your spell library contained the following spells:

 Spells                   Type           Power      Damage    Failure   Level
 Blink                    Tloc           50%        N/A       1%          2
 Lesser Beckoning         Tloc           50%        N/A       1%          2
 Teleport Other           Tloc           25%        N/A       2%          3
 Momentum Strike          Conj/Tloc      28%        3d8       5%          2
 Dimensional Bullseye     Hex/Tloc       7%         N/A       36%         4
 Vhi's Electric Charge    Tloc/Air       28%        N/A       36%         4
 Sigil of Binding         Hex            2%         N/A       50%         3
 Call Canine Familiar     Summ           Unusable   N/A       N/A         3
 Summon Ice Beast         Ice/Summ       Unusable   N/A       N/A         3
 Summon Mana Viper        Hex/Summ       Unusable   N/A       N/A         5
 Monstrous Menagerie      Summ           Unusable   N/A       N/A         7

Dungeon Overview and Level Annotations

Branches:
Dungeon (7/15)             Temple (1/1) D:6           Sewer (visited)

Altars:
Ashenzari
Cheibriados
Dithmenos
Elyvilon
Fedhas
Gozag
Kikubaaqudgha
Makhleb
Nemelex Xobeh
Okawaru
Qazlal
Ru
Sif Muna
Trog
Uskayaw
Vehumet
Wu Jian
Xom
Yredelemnul
The Shining One

Shops:
D:3 ?   D:5 *

Annotations:
D:3 Grinder


Innate Abilities, Weirdness & Mutations

You are a tree.
Your roots penetrate the ground, keeping you stationary.
You cannot be teleported.
You are immune to unholy pain and torment.
Your maximum health is greatly increased.
Your equipment is partially melded.
((Your serpentine skin is tough. (AC +3)))
You have supernaturally acute eyesight. (SInv)
((Armour fits poorly on your strangely shaped body.))
((Your system is resistant to poisons. (rPois)))
((You cover ground very slowly.))
You can spit poison.
((You have a snake-like lower body.))
You are weak. (Str -2)


Message History

The killer bee stings you but does no damage. x2
The killer bee barely misses you. The killer bee stings you.
You are more poisoned.
The killer bee poisons you!
You take 2 damage, and have 23/75 hp.
You turn into a tree.
Your +0 cloak melds into your body.
Your +0 pair of gloves melds into your body.
Your +0 leather armour melds into your body.
Your roots penetrate the ground.
You feel sick. The killer bee stings you.
* * * LOW HITPOINT WARNING * * *
The killer bee stings you but does no damage. x2
The killer bee barely misses you.
The killer bee stings you but does no damage.
The killer bee stings you!
* * * LOW HITPOINT WARNING * * *
You now have 26/112 hp.
It was a potion of resistance.
You feel protected.
You feel sick.
The killer bee stings you but does no damage.
The killer bee stings you.
* * * LOW HITPOINT WARNING * * *
The killer bee stings you but does no damage. x4
You take 4 damage, and have 22/112 hp.
You miss the killer bee.
The killer bee is moderately wounded.
You feel sick. The killer bee stings you.
* * * LOW HITPOINT WARNING * * *
The killer bee stings you but does no damage.
The killer bee stings you.
* * * LOW HITPOINT WARNING * * *
The killer bee stings you.
* * * LOW HITPOINT WARNING * * *
The killer bee stings you but does no damage. x2
You take 7 damage, and have 15/112 hp.
You feel much better.
You have got your breath back.
You feel sick. The killer bee stings you.
* * * LOW HITPOINT WARNING * * *
The killer bee stings you.
* * * LOW HITPOINT WARNING * * *
The killer bee completely misses you.
The killer bee stings you but does no damage. x3
You regained 16 hp, and now have 31/112 hp.
You hit the killer bee.
The killer bee is severely wounded.
You feel sick. The killer bee stings you.
* * * LOW HITPOINT WARNING * * *
The killer bee barely misses you.
The killer bee stings you but does no damage.
You take 5 damage, and have 26/112 hp.
You barely miss the killer bee.
The killer bee is severely wounded.
You feel sick.
The killer bee stings you but does no damage. x2
The killer bee stings you.
* * * LOW HITPOINT WARNING * * *
The killer bee stings you but does no damage. x3
You take 2 damage, and have 24/112 hp.
Casting: Manifold Assault (dangerous; 7% risk of failure)
Confirm with . or Enter, or press ? or * to list all spells.
Space momentarily warps into an impossible shape!
You barely miss the killer bee. x2; You feel sick.
The killer bee stings you but does no damage. x3
The killer bee stings you.
* * * LOW HITPOINT WARNING * * *
The killer bee stings you but does no damage.
You take 3 damage, and have 21/112 hp.
You now have 0/15 mp.
You hit the killer bee but do no damage.
The killer bee is heavily wounded.
The killer bee stings you but does no damage. x4
You hit the killer bee.
The killer bee is almost dead.
You feel sick.
The killer bee stings you but does no damage. x2
The killer bee stings you!
* * * LOW HITPOINT WARNING * * *
The killer bee stings you but does no damage.
The killer bee stings you.
* * * LOW HITPOINT WARNING * * *
The killer bee stings you but does no damage.
You take 14 damage, and have 7/112 hp.
You hit the killer bee but do no damage.
The killer bee is almost dead.
You feel sick.
You are no longer poisoned.
The killer bee stings you but does no damage. x3
You take 1 damage, and have 6/112 hp.
You slash the killer bee!
You kill the killer bee!
Okawaru accepts your kill. The killer bee stings you.
* * * LOW HITPOINT WARNING * * *
The killer bee stings you but does no damage. x3
You take 4 damage, and have 2/112 hp.
You miss the killer bee.
The killer bee is heavily wounded.
The killer bee stings you but does no damage.
The killer bee stings you!
You die...

#.##...#.# ####...P..#
#.###..#.######.#.......#
#.# #..#.......##^...####
#.###..#..#######†.^^).##
#......#..######.P.#.#.##
#####........##....#..)#
#..#######.÷#.##.###
#..######.P###^#)..#
###..y♣...#.####.#####
#[)..y†..##.#.###...##
#)##.##.##^^#.# #.#..#
#[##.##...^##.# #^####
#.##.########.# ###
#.##.# #.#.#
#.##.######.#.####
#.##.%...........######
#.###########.#........


You could see 2 killer bees.

Vanquished Creatures
  Pikel (D:4)
  Menkaure (D:5)
  An orc warrior (D:6)
  A black bear (D:5)
  2 ogres (D:5)
  A centaur (D:6)
  A phantom (D:6)
  8 kobold brigands
  A bullfrog (D:5)
  5 scorpions (D:6)
  2 killer bees (D:6)
  An electric eel (D:6)
  4 hounds
  6 orc priests
  3 iguanas
  4 orc wizards
  Natasha (thrice) (D:2)
  6 gnolls
  11 adders
  A river rat (D:5)
  A shadow imp (D:5)
  2 ribbon worms (D:2)
  20 orcs
  5 ball pythons
  3 endoplasms
  2 giant cockroaches (D:1)
  6 goblins
  7 hobgoblins
  7 jackals
  17 kobolds
  4 quokkas
  11 bats
  3 frilled lizards
  8 rats
159 creatures vanquished.

Notes
Turn   | Place    | Note
-------+----------+-------------------------------------------
     0 | D:1      | gimp the Naga Warper began the quest for the Orb.
     0 | D:1      | Reached XP level 1. HP: 19/19 MP: 3/3
   211 | D:1      | Reached XP level 2. HP: 20/26 MP: 5/5
  1005 | D:2      | Noticed Natasha
  1010 | D:2      | Gained mutation: You are weak. (Str -2) [potion of
                  | mutation]
  1063 | D:2      | Found a glowing golden altar of the Shining One.
  1077 | D:2      | Reached skill level 3 in Long Blades
  1106 | D:2      | Reached XP level 3. HP: 26/33 MP: 6/6
  1221 | D:2      | Killed Natasha
  1313 | D:2      | Noticed Natasha
  1327 | D:2      | Killed Natasha
  1328 | D:2      | Reached XP level 4. HP: 23/42 MP: 7/7
  1661 | D:3      | Reached skill level 4 in Long Blades
  1678 | D:2      | Noticed Natasha
  1693 | D:2      | Killed Natasha
  1841 | D:2      | Reached XP level 5. HP: 49/49 MP: 8/8
  2398 | D:3      | Found Ytecat's Magic Scroll Emporium.
  2409 | D:3      | Bought a scroll of fog for 44 gold pieces
  2409 | D:3      | Bought a scroll of identify for 22 gold pieces
  2409 | D:3      | Bought a scroll of poison for 44 gold pieces
  2409 | D:3      | Bought a scroll of noise for 11 gold pieces
  2601 | D:3      | Noticed Grinder
  2605 | D:3      | Paralysed by Grinder for 5 turns
  2628 | D:4      | Reached skill level 5 in Long Blades
  2788 | D:4      | Learned a level 4 spell: Manifold Assault
  3116 | D:4      | Reached XP level 6. HP: 56/56 MP: 9/9
  3193 | D:4      | Noticed Pikel
  3215 | D:4      | Killed Pikel
  3216 | D:4      | Reached skill level 6 in Long Blades
  3216 | D:4      | Reached skill level 5 in Translocations
  3216 | D:4      | Reached XP level 7. HP: 55/62 MP: 10/10
  3888 | D:3      | Bought a scroll of blinking for 82 gold pieces
  3936 | D:5      | Entered Level 5 of the Dungeon
  3942 | D:5      | Reached skill level 7 in Long Blades
  3962 | D:5      | Found Caklo's General Store.
  3966 | D:5      | Noticed Menkaure
  3988 | D:5      | Killed Menkaure
  3989 | D:5      | Reached XP level 8. HP: 69/69 MP: 11/11
  4305 | D:5      | Found a glowing drain.
  4373 | Sewer    | Entered a sewer
  4744 | Sewer    | Reached skill level 8 in Long Blades
  5272 | D:5      | Reached XP level 9. HP: 65/75 MP: 3/12
  6110 | D:5      | Reached skill level 9 in Long Blades
  6801 | D:6      | Found a staircase to the Ecumenical Temple.
  6808 | Temple   | Entered the Ecumenical Temple
  6827 | Temple   | Became a worshipper of Warmaster Okawaru
  8016 | D:6      | Reached skill level 10 in Long Blades
  8457 | D:6      | HP: 2/112 [killer bee (5)]
  8458 | D:6      | Slain by a killer bee

Illustrated notes

Levels and vault maps discovered:
D:1:      minmay_arrival_plants_in_alcoves, layout_basic
D:2:      layout_basic, basic_altar, serial_bayou_lagoon_a, uniq_natasha
D:3:      minmay_angry_zag, layout_rooms, serial_shops, shop, uniq_grinder
D:4:      layout_gridville, moated_statue, kennysheep_cluttered_room,
          serial_library_hellmonk_room_b, uniq_pikel
D:5:      corexii_shack_village, layout_gridville, serial_shops,
          nicolae_shop_trees, portal_sewer_entry_c, uniq_menkaure
D:6:      old_forge, layout_loops_ring, minmay_temple_entry_proselytizer,
          kennysheep_generic_room_6
D:7:      layout_basic, zin_statuary, lemuel_doored_altar, serial_shops,
          nicolae_shop_hallway_stairs, uniq_maurice
Temple:   nicolae_temple_slightly_damp_pantheon

Skill      XL: |  1  2  3  4  5  6  7  8  9 |
---------------+----------------------------+-----
Long Blades    | 3 4 5 6 7 8 10 | 10.2
Fighting       | 3 |  3.0
Translocations | 5 7 8 |  8.0
Spellcasting   | 4 |  4.1
Throwing       | |  0.8
Armour         | |  0.7
Dodging        | |  1.5

Action                     |  1- 3 |  4- 6 |  7- 9 || total
---------------------------+-------+-------+-------++-------
  Melee: Falchion          |    65 |   121 |   473 ||   659
  Throw: Dart              |     1 |       |     8 ||     9
   Cast: Manifold Assault  |       |       |    31 ||    31
Ability: Spit Poison       |    18 |    22 |    39 ||    79
  Evoke: Wand              |       |       |     4 ||     4
    Use: Scroll            |     1 |     6 |     4 ||    11
         Potion            |     1 |       |     6 ||     7
   Stab: Sleeping          |       |       |     3 ||     3
 Armour: Leather armour    |    48 |   113 |   381 ||   542
         Skin              |       |       |    74 ||    74
  Dodge: Dodged            |    46 |    76 |   203 ||   325

Table legend: (Time is in decaauts)
 A = Elapsed time spent in this place.
 B = Non-inter-level travel time spent in this place.
 C = Inter-level travel time spent in this place.
 D = Time resting spent in this place.
 E = Time spent auto-exploring this place.
 F = Levels seen in this place.
 G = Mean time per level.
                   A        B        C        D        E       F      G
               +--------+--------+--------+--------+--------+-----+--------+
         Total |  10108 |   9622 |    486 |    416 |   7595 |   9 | 1123.1 |
       Dungeon |   9388 |   8952 |    436 |    416 |   7091 |   7 | 1341.1 |
        Temple |     53 |      3 |     50 |      0 |      0 |   1 |   53.0 |
         Sewer |    667 |    667 |      0 |      0 |    503 |   1 |  667.0 |
               +--------+--------+--------+--------+--------+-----+--------+

Top non-repeatable levels by time:
     D:6: 2495 daAuts
     D:5: 1957 daAuts
     D:2: 1618 daAuts
     D:4: 1553 daAuts
     D:1: 1062 daAuts
     D:3: 682 daAuts
   Sewer: 667 daAuts
  Temple: 53 daAuts
     D:7: 18 daAuts
